 Dungeon Crawl Stone Soup version 0.18.1-51-gd549091e01 (webtiles) character file.

49 magog001 the Covered (level 3, -6/33 HPs)
             Began as a Minotaur Fighter on Apr 10, 2020.
             Killed by divine providence
             ... invoked by an orc priest
              (14 damage)
             ... on level 2 of the Dungeon.
             The game lasted 00:08:57 (2303 turns).

magog001 the Covered (Minotaur Fighter)             Turns: 2303, Time: 00:08:58

Health: -6/33      AC:  7    Str: 21    XL:     3   Next: 51%
Magic:  2/2        EV:  7    Int:  5    God:
Gold:   101        SH:  9    Dex:  9    Spells: 0 memorised, 2 levels left

rFire  . . .     SeeInvis .     g - -1 hunting sling (curse)
rCold  . . .     Gourm    .     b - +0 scale mail
rNeg   . . .     Faith    .     c - +0 shield
rPois  .         Spirit   .     (helmet restricted)
rElec  .         Dismiss  .     (no cloak)
rCorr  .         Reflect  .     (no gloves)
SustAt .         Harm     .     (no boots)
MR     .....                    (no amulet)
Stlth  ..........               (no ring)
                                (no ring)

@: hasted, very quick, not resistant to hostile enchantments, extremely
unstealthy
A: retaliatory headbutt, horns 2
a: no special abilities


You were on level 2 of the Dungeon.
You were not hungry.

You visited 1 branch of the dungeon, and saw 3 of its levels.

You collected 101 gold pieces.

Inventory:

Hand Weapons
 a - a +1 war axe
 g - a cursed -1 hunting sling (weapon)
Missiles
 d - 17 stones (quivered)
Armour
 b - a +0 scale mail (worn)
 c - a +0 shield (worn)
Scrolls
 k - 2 scrolls of identify
Potions
 j - 2 potions of curing
 m - a potion of haste
Comestibles
 f - 2 bread rations
 h - 2 chunks of flesh
 o - a royal jelly


   Skills:
 * Level 4.1 Fighting
 + Level 2.8 Axes
 * Level 4.4 Armour
 * Level 4.2 Shields


You had 2 spell levels left.
You didn't know any spells.

Dungeon Overview and Level Annotations

Branches:
Dungeon (3/15)

Altars:
Zin


Innate Abilities, Weirdness & Mutations

You reflexively headbutt those who attack you in melee.
You have a pair of horns on your head.


Message History

* * * LOW HITPOINT WARNING * * *
Firing (i - inventory):
d - 18 stones (quivered)
Press: ? - help, Shift-Dir - straight line, f/p - orc priest
Aim: an orc priest, wielding a short sword (lightly wounded)
You shoot a stone.
The stone closely misses the orc priest.
The orc priest hits you with a short sword.
* * * LOW HITPOINT WARNING * * *
The hobgoblin hits you but does no damage.
Firing (i - inventory):
d - 17 stones (quivered)
Press: ? - help, Shift-Dir - straight line, f - you, p - orc priest
Okay, then.
Drink which item? (? for menu, Esc to quit)
You feel better. You block the orc priest's attack.
You block the hobgoblin's attack.
Drink which item? (? for menu, Esc to quit)
You feel yourself speed up.
The orc priest invokes the aid of Beogh against you.
Beogh smites you!
You die...

#..#.##.#.##.....#.## #....).(.(
...#<##.#....#......# ###.......
..#####......#...#..##########...
.........#...#..............##...
..#####.....................##...
..# #.##..##..............'....
..#####.#...................##...
..##.##.##......g...........##...
........##.###.#@...........#####
.....#..##.......o.#'######### #
#.##...........#.<(#.# #...# #
#.............##.#.#.# #...# #
..####..#.###.##.#.#.#####...# #
#.# #..#.#......#.......'..(####
#.# #.##.###.##.#.#.#####...'...
#.# #.##.# #.##.....# #...####
#.# #.##.###.##.#.### #...'...


You could see an orc priest and a hobgoblin.

Vanquished Creatures
  An adder (D:2)
  A dart slug (D:1)
  A giant gecko (D:2)
  3 bats
  A giant cockroach (D:1)
  9 goblins
  3 hobgoblins
  5 kobolds
  3 quokkas (D:2)
  3 giant newts
  2 rats (D:2)
32 creatures vanquished.

Notes
Turn   | Place    | Note
--------------------------------------------------------------
     0 | D:1      | magog001 the Minotaur Fighter began the quest for the Orb.
     0 | D:1      | Reached XP level 1. HP: 19/19 MP: 0/0
   275 | D:1      | Reached XP level 2. HP: 22/27 MP: 1/1
   997 | D:2      | Reached XP level 3. HP: 6/33 MP: 2/2
  1940 | D:2      | Found a glowing silver altar of Zin.
  1940 | D:2      | Noticed an angel
  2303 | D:2      | Killed from afar by an orc priest

Skill      XL: |  1  2 |
---------------+-------+-----
Shields        | 4 |  4.2
Fighting       | 4 |  4.1
Armour         | 4 |  4.4
Axes           | |  2.8

Action                   || total
-------------------------++-------
Melee: War axe           ||    55
       Headbutt          ||     9
 Fire: Hunting sling     ||    31
  Use: Potion            ||     4
       Scroll            ||     6
  Eat: Chunk             ||     4
Armor: Scale mail        ||    32
Dodge: Dodged            ||    27
Block: Shield            ||    38
